 Dungeon Crawl Stone Soup version 0.29.0-4-gdea44cf6ec (webtiles) character file.

Game seed: 14169544235181157160

46 qw the Chopper (level 3, -9/29 HPs)
             Began as a Demonspawn Cinder Acolyte on Sept 8, 2022.
             Was a High Priest of Ignis.
             Killed by nerve-wracking pain
             ... invoked by Grinder
              (14 damage)
             ... on level 3 of the Dungeon.
             The game lasted 00:00:38 (1693 turns).

qw the Chopper (Demonspawn Cinder Acolyte)          Turns: 1693, Time: 00:00:39

Health: -9/29      AC: 13    Str: 16    XL:     3   Next: 44%
Magic:  4/4        EV: 10    Int: 15    God:    Ignis [*****.]
Gold:   35         SH:  4    Dex:  8    Spells: 4/4 levels left

rFire   + . .      SeeInvis .   Y - -1 hand axe (flame)
rCold   . . .      Faith    .   (no shield)
rNeg    . . .      Spirit   .   f - +0 ring mail
rPois   .          Reflect  .   (no helmet)
rElec   .          Harm     .   (no cloak)
rCorr   .          Rampage  .   (no gloves)
Will    .....                   c - +0 pair of boots
Stlth   ..........              (no amulet)
HPRegen 0.09/turn               (no ring)
MPRegen 0.18/turn               (no ring)

@: fiery-armoured
A: large bone plates 1, magic regeneration
a: Renounce Religion, Fiery Armour, Foxfire Swarm, Rising Flame


You were on level 3 of the Dungeon.
You worshipped Ignis.
Ignis was extremely pleased with you.
You visited 1 branch of the dungeon, and saw 3 of its levels.

You collected 35 gold pieces.


Innate Abilities, Weirdness & Mutations

You are partially covered in large bone plates. (SH +4)
You regenerate magic rapidly.


   Skills:
 - Level 3.0 Fighting
 + Level 4.0 Axes
 - Level 0.4 Dodging
 - Level 1.0 Spellcasting
 - Level 2.6 Fire Magic


You had 4 spell levels left.
You didn't know any spells.
Your spell library contained the following spells:

 Spells                   Type           Power      Damage    Failure   Level
 Scorch                   Fire           16%        2d5       24%         2

Inventory:

Hand Weapons
 Y - a -1 hand axe of flaming (weapon)
Armour
 c - a +0 pair of boots (worn)
 f - a +0 ring mail (worn)
Scrolls
 i - a scroll of identify
Potions
 a - a potion of berserk rage {unknown}
 e - a potion of magic {unknown}
 g - a potion of flight {unknown}
 h - a potion of resistance {unknown}
 j - a potion of mutation {unknown}
 l - a potion of invisibility {unknown}

Dungeon Overview and Level Annotations

Branches:
Dungeon (3/15)

Altars:

Annotations:
D:3 Grinder


Message History

Grinder gestures at you.
You suddenly lose the ability to move!
Grinder gestures at you.
You shrug off the repeated paralysis!
You can move again.
Grinder barely misses you.
You completely miss Grinder.
Grinder blinks!
Grinder blinks!
You hit Grinder but do no damage. Grinder gestures at you.
You barely resist. You closely miss Grinder.
Grinder hits you but does no damage.
You hit Grinder but do no damage. Grinder hits you!
You writhe in agony.
You hit Grinder but do no damage.
Grinder blinks!
Grinder gestures at you. Pain shoots through your body!
1690 ||| INVOKING Fiery Armour.
A protective cloak of flame settles atop you.
Grinder hits you but does no damage.
Grinder is burned by your cloak of flames.
Grinder is lightly wounded.
You hit Grinder but do no damage.
Grinder is lightly wounded.
Grinder hits you but does no damage.
Grinder is burned by your cloak of flames.
Grinder is lightly wounded.
You barely miss Grinder.
Grinder is lightly wounded.
Grinder hits you but does no damage.
Grinder is burned by your cloak of flames.
Grinder is moderately wounded.
You hit Grinder. You burn Grinder.
Grinder is heavily wounded.
Grinder gestures at you. Pain shoots through your body!
You die...

#........>..).......#
##.#########.#####..#
#..........#.# #..#
##.#######.#.# #..#
### #.#.# #... #.#.#
#.### #.#.# #.# #.#.#
#.# #@#.# #5# ..#
####


You could see Grinder.

Vanquished Creatures
  A dart slug (D:3)
  5 ball pythons (D:1)
  6 bats (D:1)
  4 endoplasms (D:1)
  A giant cockroach (D:1)
  2 goblins (D:1)
  7 hobgoblins (D:1)
  3 jackals (D:1)
  A quokka (D:1)
  3 frilled lizards (D:1)
  3 kobolds
  A rat (D:1)
37 creatures vanquished.

Notes
Turn   | Place    | Note
-------+----------+-------------------------------------------
     0 | D:1      | qw the Demonspawn Cinder Acolyte began the quest for the
                  | Orb.
     0 | D:1      | Reached XP level 1. HP: 18/18 MP: 2/2
     0 | D:1      | 0 ||| qw: Version: 0.1-a-112-g44dc6cd
     0 | D:1      | 0 ||| qw: Game counter: 6656
     0 | D:1      | 0 ||| qw: Always use a shield: true
     0 | D:1      | 0 ||| qw: God list: Okawaru
     0 | D:1      | 0 ||| qw: Allow faded altars: false
     0 | D:1      | 0 ||| qw: Do Orc after D:15 true
     0 | D:1      | 0 ||| qw: Do second Lair branch before Depths: true
     0 | D:1      | 0 ||| qw: Lair rune preference: random
     0 | D:1      | 0 ||| qw: Plans: Normal
     0 | D:1      | 0 ||| PLANNING D:1-11
    32 | D:1      | 32 ||| Stepping ~*~*~tactically~*~*~ (stealth).
    86 | D:1      | Reached skill level 3 in Axes
   236 | D:1      | Gained mutation: You are partially covered in large bone
                  | plates. (SH +4) [demonic ancestry]
   236 | D:1      | Reached XP level 2. HP: 24/24 MP: 3/3
   259 | D:1      | 259 ||| INVOKING Fiery Armour.
   434 | D:1      | Found a faded altar of an unknown god.
   605 | D:1      | 605 ||| Stepping ~*~*~tactically~*~*~ (stealth).
   609 | D:1      | 609 ||| Stepping ~*~*~tactically~*~*~ (stealth).
   683 | D:1      | Gained mutation: You regenerate magic rapidly. [demonic
                  | ancestry]
   683 | D:1      | Reached XP level 3. HP: 24/29 MP: 4/4
   907 | D:1      | Reached skill level 4 in Axes
  1174 | D:1      | 1174 ||| INVOKING Fiery Armour.
  1436 | D:1      | 1436 ||| UPGRADING to +0 pair of boots.
  1441 | D:1      | 1441 ||| UPGRADING to +0 ring mail.
  1451 | D:1      | 1451 ||| DROPPING +0 robe.
  1452 | D:1      | 1452 ||| READING scroll labelled LYLODE XEAPNI.
  1453 | D:1      | 1453 ||| READING 2 scrolls labelled ALYLUDGHESTRO.
  1454 | D:1      | 1454 ||| DRINKING 2 golden potions.
  1455 | D:1      | 1455 ||| DROPPING potion of brilliance.
  1477 | D:2      | You fall into a shaft and drop 1 floor!
  1480 | D:3      | 1480 ||| Stepping ~*~*~tactically~*~*~ (hiding).
  1676 | D:3      | Noticed Grinder
  1679 | D:3      | Paralysed by Grinder for 2 turns
  1689 | D:3      | HP: 5/29 [Grinder/nerve-wracking pain (14)]
  1690 | D:3      | 1690 ||| INVOKING Fiery Armour.
  1693 | D:3      | Killed from afar by Grinder

Levels and vault maps discovered:
D:1:      minmay_arrival_solitary_statue, layout_basic,
          hellmonk_ecumenical_altar_inner_sanctum, minmay_strange_pillars
D:2:      layout_loops_ring
D:3:      layout_basic, trog_book, grunt_temple_overflow_open, uniq_grinder

Skill      XL: |  1  2  3 |
---------------+----------+-----
Axes           | 3 4 |  4.0
Fighting       | |  3.0
Dodging        | |  0.4
Spellcasting   | |  1.0
Fire Magic     | |  2.6

Action                   || total
-------------------------++-------
Melee: Hand axe          ||   139
       Punch             ||     2
Invok: Fiery Armour      ||     3
  Use: Scroll            ||     2
       Potion            ||     1
Armor: Robe              ||    25
       Ring mail         ||     7
Dodge: Dodged            ||    69
Block: Other             ||    22

Table legend:
 A = Non-vault XP
 B = Vault XP
 C = Vault XP percentage of total XP
 D = Non-vault monster count
 E = Vault monster count
 F = Vault count percentage of total count
                 A         B        C        D         E       F
            +---------+---------+-------+---------+---------+-------
      Total |      66 |       0 |   0.0 |      37 |       0 |   0.0
            +---------+---------+-------+---------+---------+-------
        D:1 |      60 |       0 |   0.0 |      35 |       0 |   0.0
        D:3 |       6 |       0 |   0.0 |       2 |       0 |   0.0
            +---------+---------+-------+---------+---------+-------
